 Dungeon Sprint DCSS version 0.30.1-11-g7821555f0a (webtiles) character file.

Game seed: 17359342459457057229

11 Groucho the Digger (level 2, -8/16 HPs)
             Began as a Deep Elf Earth Elementalist on Jan 5, 2024.
             Was a Believer of Sif Muna.
             Shot with an arrow by a centaur (11 damage)
             ... in the Dungeon (Sprint VII: "The Pits").
             The game lasted 00:01:46 (837 turns).

Groucho the Digger (Deep Elf Earth Elementalist)     Turns: 837, Time: 00:01:46

Health: -8/16      AC:  2    Str:  5    XL:     2   Next: 17%
Magic:  7/8        EV: 13    Int: 19    God:    Sif Muna [**....]
Gold:   0          SH:  0    Dex: 15    Spells: 7/8 levels left

rFire   . . .        h - +2 dagger
rCold   . . .        (no shield)
rNeg    . . .        a - +0 robe
rPois   .            (no helmet)
rElec   .            (no cloak)
rCorr   .            (no gloves)
SInv    .            (no boots)
Will    .....        (no amulet)
Stlth   ++           (no ring)
HPRegen 0.22/turn    (no ring)
MPRegen 0.11/turn

%: no teleportation
@: no status effects
A: no striking features
a: Renounce Religion, Channel Magic


You were in the Dungeon.
You worshipped Sif Muna.
Sif Muna was pleased with you.
You visited 1 branch

Inventory:

Hand Weapons
 h - a +2 dagger (weapon)
Armour
 a - a +0 robe (worn)
Scrolls
 g - a scroll of blinking
 j - 5 scrolls of amnesia
 k - a scroll of butterflies
Potions
 b - 5 potions of magic
 d - a potion of heal wounds
 e - a potion of haste
 f - 3 potions of berserk rage
 i - 2 potions of invisibility


   Skills:
 + Level 0.7 Fighting
 + Level 1.0 Short Blades
 + Level 2.9 Dodging
 + Level 3.1 Stealth
 + Level 3.5 Spellcasting
 + Level 1.1 Conjurations
 + Level 1.7 Transmutations
 * Level 3.9 Earth Magic
 + Level 1.1 Invocations


You had 7 spell levels left.
You knew the following spells:

 Your Spells              Type           Power      Damage    Failure   Level
a - Sandblast             Erth           36%        2d10      2%          1

Your spell library contained the following spells:

 Spells                   Type           Power      Damage    Failure   Level
 Passwall                 Tmut/Erth      11%        N/A       7%          2
 Stone Arrow              Conj/Erth      26%        3d8       16%         3
 Petrify                  Tmut/Erth      14%        N/A       41%         4


Dungeon Overview and Level Annotations

Branches:
Dungeon (1/1)

Altars:
Ashenzari
Cheibriados
Dithmenos
Elyvilon
Fedhas
Gozag
Hepliaklqana
Kikubaaqudgha
Makhleb
Nemelex Xobeh
Okawaru
Qazlal
Ru
Sif Muna
Trog
Uskayaw
Vehumet
Wu Jian
Xom
Yredelemnul
Zin
The Shining One
Jiyva
Lugonu


Message History

Casting: Sandblast (safe; 3% risk of failure)
Confirm with . or Enter, or press ? or * to list all spells.
Aiming: Sandblast (safe; 3% risk of failure)
Press: ? - help, Shift-Dir - straight line, f/p - hobgoblin
Aim: a hobgoblin (heavily wounded, 82% to hit)
The blast of sand hits the hobgoblin.
You kill the hobgoblin!
Sif Muna accepts your kill.
Unknown command.
You start resting.
Your magical contamination has completely faded away.
You start resting.
HP restored.
You start resting.
Magic restored.
You start waiting.
Done waiting.
You see here a hobgoblin corpse.
There is an open door here.
You see here a +0 club.
There is an open door here.
The frilled lizard hisses angrily.
The centaur wields a +0 shortbow.
The centaur shoots an arrow.
The arrow hits you!
Ouch! That really hurt!
There is an open door, spattered with blood here.
You feel better.
The centaur shoots an arrow.
The arrow hits you!
Casting: Sandblast (safe; 2% risk of failure)
Confirm with . or Enter, or press ? or * to list all spells.
Aiming: Sandblast (safe; 2% risk of failure)
Press: ? - help, Shift-Dir - straight line, f - centaur
Aim: a centaur, wielding a +0 shortbow (89% to hit)
The blast of sand hits the centaur.
The centaur is moderately wounded.
The centaur shoots an arrow.
The arrow hits you.
* * * LOW HITPOINT WARNING * * *
The centaur shoots an arrow.
The arrow hits you!
Ouch! That really hurt!
You die...

##########'##..........
#.?(.')))'.##......#..#
##########.##..........
#.......†...'..........
+#####'#####......#..#
#...).# #..........
#.....# ####'#####+
###'### #.......#
#...@.# #.......#
#.....# #.......#
####'## #...<...#
#...lc..c##.......#
#......l.##.......#
###########.......#
#########


You could see a centaur and a frilled lizard.

Vanquished Creatures
  An ufetubus (D)
  A giant cockroach (D)
  A goblin (D)
  A hobgoblin (D)
  A ball python (D)
  A ball python skeleton (D)
  A jackal skeleton (D)
7 creatures vanquished.

Notes
Turn   | Place    | Note
-------+----------+-------------------------------------------
     0 | D        | Groucho the Deep Elf Earth Elementalist began the quest for
                  | the Orb.
     0 | D        | Reached XP level 1. HP: 10/10 MP: 6/6
   335 | D        | Found a glowing golden altar of the Shining One.
   335 | D        | Found a glowing silver altar of Zin.
   335 | D        | Found a basalt altar of Yredelemnul.
   335 | D        | Found a shimmering altar of Xom.
   335 | D        | Found an ornate altar of the Wu Jian Council.
   335 | D        | Found a bloodstained altar of Trog.
   335 | D        | Found a shimmering blue altar of Sif Muna.
   335 | D        | Found a sacrificial altar of Ru.
   335 | D        | Found a stormy altar of Qazlal.
   335 | D        | Found an iron altar of Okawaru.
   335 | D        | Found a sparkling altar of Nemelex Xobeh.
   335 | D        | Found a burning altar of Makhleb.
   335 | D        | Found a viscous altar of Jiyva.
   335 | D        | Found a hazy altar of Hepliaklqana.
   335 | D        | Found an opulent altar of Gozag.
   335 | D        | Found a blossoming altar of Fedhas.
   335 | D        | Found a white marble altar of Elyvilon.
   335 | D        | Found a shadowy altar of Dithmenos.
   335 | D        | Found a snail-covered altar of Cheibriados.
   336 | D        | Found a radiant altar of Vehumet.
   336 | D        | Found a corrupted altar of Lugonu.
   337 | D        | Found an ancient bone altar of Kikubaaqudgha.
   337 | D        | Found a hide-covered altar of Uskayaw.
   337 | D        | Found a broken altar of Ashenzari.
   338 | D        | Became a worshipper of Sif Muna the Loreminder
   466 | D        | Reached * piety under Sif Muna
   471 | D        | Reached skill level 1 in Conjurations
   471 | D        | Reached skill level 1 in Invocations
   471 | D        | Reached XP level 2. HP: 16/16 MP: 4/8
   682 | D        | Noticed a centaur
   692 | D        | Reached skill level 1 in Short Blades
   694 | D        | Reached ** piety under Sif Muna
   837 | D        | Shot with an arrow by a centaur

Illustrated notes

Levels and vault maps discovered:
D:        pitsprint [storerooms_1, entrance_room_1, metal_vault_3, armoury_2,
          mini_pit_1, grid_room_1, main_hall_1, silver_pit, the_coven_3,
          the_vestibule_1, steel_vault_4, golden_pit, hallway_of_sentries,
          crystal_vault_3, iron_vault_5, final_vault]

Skill      XL: |  1  2 |
---------------+-------+-----
Stealth        | 3 |  3.1
Conjurations   | 1 |  1.1
Invocations    | 1 |  1.1
Short Blades   | 1 |  1.0
Fighting       | |  0.7
Dodging        | |  2.9
Spellcasting   | |  3.5
Transmutations | |  1.7
Earth Magic    | |  3.9

Action                     || total
---------------------------++-------
   Cast: Sandblast         ||    10
    Use: Potion            ||     1
  Dodge: Dodged            ||     7
